 Dungeon Crawl Stone Soup version 0.19-a0-1002-g674d22e (webtiles) character file.

47 HAL9000 the Ruffian (level 3, 0/28 HPs)
             Began as a Draconian Transmuter on July 18, 2016.
             Slain by a worm (12 damage)
             ... on level 2 of the Dungeon.
             The game lasted 00:01:50 (1583 turns).

HAL9000 the Ruffian (Draconian Transmuter)          Turns: 1583, Time: 00:01:51

Health: 0/28       AC:  5    Str: 13    XL:     3   Next: 48%
Magic:  4/6        EV: 12    Int: 13    God:
Gold:   58         SH:  0    Dex: 11    Spells: 2 memorised, 3 levels left

rFire  x . .     SeeInvis .       - Unarmed
rCold  + . .     Gourm    .     (armour unavailable)
rNeg   . . .     Faith    .     (no shield)
rPois  .         Spirit   .     (helmet restricted)
rElec  .         Dismiss  .     (no cloak)
rCorr  .         Reflect  .     (no gloves)
SustAt .         Harm     +     (boots currently unavailable)
MR     .....                    g - amulet of harm
Stlth  +.........               (no ring)
                                h - ring of ice

@: appendage, very slightly contaminated, not resistant to hostile enchantments,
very unstealthy
A: unfitting armour, talons 3, cold-blooded, AC +5
a: End Transformation


You were on level 2 of the Dungeon.
You were not hungry.
You had grown temporary talons.
You visited 1 branch of the dungeon, and saw 2 of its levels.

You collected 58 gold pieces.

Inventory:

Missiles
 a - 9 arrows
Jewellery
 g - an amulet of harm (around neck)
 h - a ring of ice (left hand)
Scrolls
 d - a scroll of random uselessness {unknown}
 i - 2 scrolls of recharging {unknown}
 k - a scroll of remove curse {unknown}
Potions
 j - a potion of haste {unknown}
Books
 b - a book of Changes

   Spells                             Type                      Level
   a - Beastly Appendage              Transmutation                1
   b - Sticks to Snakes               Transmutation                2
   c - Spider Form                    Transmutation/Poison         3
   d - Ice Form                       Ice/Transmutation            4
   e - Blade Hands                    Transmutation                5
Comestibles
 c - 2 bread rations
 l - 2 chunks of flesh


   Skills:
 - Level 1.1 Fighting
 - Level 1.7 Dodging
 + Level 3.7 Unarmed Combat
 - Level 2.0 Spellcasting
 + Level 3.2 Transmutations


You had 3 spell levels left.
You knew the following spells:

 Your Spells              Type           Power        Failure   Level  Hunger
a - Beastly Appendage     Tmut           #.....       10%         1    ##.....
b - Sticks to Snakes      Tmut           #.......     12%         2    ###....


Dungeon Overview and Level Annotations

Branches:
Dungeon (2/15)

Altars:


Innate Abilities, Weirdness & Mutations

Your plain brown scales are hard. (AC +5)
Your body does not fit into most forms of armour.
You are cold-blooded and may be slowed by cold attacks.
You have claws for feet.


Message History

You hit the worm.
The worm is moderately wounded.
You hit the worm but do no damage.
Your tail-slap misses the worm.
The worm is moderately wounded.
The worm misses you.
You hit the worm.
Your tail-slap misses the worm.
The worm is severely wounded.
The worm bites you!
Casting: Beastly Appendage
Confirm with . or Enter, or press ? or * to list all spells.
Your feet morph into talons.
You completely miss the worm. You claw the worm. You tail-slap the worm.
The worm is almost dead.
The worm bites you.
You hit the worm but do no damage.
The worm is almost dead.
You barely miss the worm. You claw the worm.
The worm is almost dead.
The worm bites you!
You die...

... +.........
..####..........#
................#
................#
.....g..........#
................#
.....)..........########
###'##..................
#g.#..........@w......
##.########.##........
#.#..................
#.#..................
#...)................
##..)................
#...................
##.######+##......$.
#..# #.# .....


You could see a worm.

Vanquished Creatures
  A gnoll (D:2)
  An adder (D:1)
  A worm (D:2)
  A giant cockroach (D:1)
  2 hobgoblins (D:1)
  A jackal (D:1)
  4 kobolds
  3 bats (D:1)
  A giant newt (D:1)
  2 goblins (D:1)
  5 rats (D:1)
22 creatures vanquished.

Vanquished Creatures (collateral kills)
  A gnoll (D:2)
1 creature vanquished.

Grand Total: 23 creatures vanquished

Notes
Turn   | Place    | Note
-------+----------+-------------------------------------------
     0 | D:1      | HAL9000 the Draconian Transmuter began the quest for the Orb.
     0 | D:1      | Reached XP level 1. HP: 16/16 MP: 3/3
   644 | D:1      | Reached XP level 2. HP: 17/23 MP: 3/5
   672 | D:1      | Learned a level 2 spell: Sticks to Snakes
  1472 | D:2      | Reached XP level 3. HP: 28/28 MP: 4/6
  1583 | D:2      | Slain by a worm

Vault maps used:
D:1:      dpeg_arrival_shrine, roderic_roman_lattice, minmay_misc_feat_room,
          hangedman_glass_teeth, hangedman_decor_points, minmay_misc_feat_rows

Skill      XL: |  1  2 |
---------------+-------+-----
Transmutations | 3 |  3.2
Fighting       | |  1.1
Dodging        | |  1.7
Unarmed Combat | |  3.7
Spellcasting   | |  2.0

Action                   || total
-------------------------++-------
Melee: Unarmed           ||    86
       Tailslap          ||     8
       Kick              ||     6
       Headbutt          ||     2
 Cast: Beastly Appendage ||    16
       Sticks to Snakes  ||     3
 Stab: Sleeping          ||     1
  Eat: Chunk             ||     3
Armor: Skin              ||    25
Dodge: Dodged            ||    40
